 Dungeon Sprint DCSS version 0.28.0-53-g5a82cb258f (webtiles) character file.

Game seed: 7474447365653787858

168 Zeld the Fighter (level 5, -17/53 HPs)
             Began as a Minotaur Berserker on May 29, 2022.
             Was a Believer of Trog.
             Killed from afar by an oklob sapling wizard (23 damage)
             ... with a splash of acid
             ... in the Dungeon (Sprint IV: "Fedhas' Mad Dash").
             The game lasted 00:01:04 (1210 turns).

Zeld the Fighter (Minotaur Berserker)               Turns: 1210, Time: 00:01:05

Health: -17/53     AC:  2    Str: 23    XL:     5   Next: 24%
Magic:  3/4        EV: 13    Int:  4    God:    Trog [**....]
Gold:   60         SH:  0    Dex: 10    Spells: 4/4 levels left

rFire   . . .      SeeInvis .   a - +0 hand axe
rCold   . . .      Faith    .   (no shield)
rNeg    . . .      Spirit   .   b - +0 animal skin
rPois   .          Reflect  .   (helmet restricted)
rElec   .          Harm     .   (no cloak)
rCorr   .          Rampage  .   (no gloves)
Will    .....      NoTele   +   (no boots)
Stlth   +.........              j - amulet of invisibility {+Inv}
HPRegen 0.17/turn               (no ring)
MPRegen 0.09/turn               (no ring)

@: very slightly contaminated, invisible (expiring)
A: horns 2, retaliatory headbutt
a: Renounce Religion, Evoke Invisibility, Berserk, Trog's Hand


You were in the Dungeon.
You worshipped Trog.
Trog was pleased with you.
You visited 1 branch You collected 60 gold pieces.

Inventory:

Hand Weapons
 a - a +0 hand axe (weapon)
Armour
 b - a +0 animal skin (worn)
Jewellery
 j - the amulet of invisibility (around neck) {+Inv}
   (You found it in the Dungeon)

   [amulet of nothing]

   +Inv:      It lets you turn invisible.
Scrolls
 h - a scroll of blinking
Potions
 c - a potion of curing
 d - a potion of heal wounds
 e - a potion of haste
 f - 2 potions of magic
 g - a potion of berserk rage
 i - a potion of cancellation {unknown}


   Skills:
 * Level 8.3 Fighting
 * Level 8.3 Axes
 + Level 5.6 Armour
 + Level 5.1 Dodging


You had 4 spell levels left.
You didn't know any spells.
Your spell library was empty.

Dungeon Overview and Level Annotations

Branches:
Dungeon (1/1)

Altars:
Cheibriados
Dithmenos
Elyvilon
Gozag
Hepliaklqana
Kikubaaqudgha
Makhleb
Nemelex Xobeh
Okawaru
Qazlal
Ru
Sif Muna
Trog
Uskayaw
Vehumet
Wu Jian
Xom
Yredelemnul
Zin
The Shining One
Beogh
Jiyva
Lugonu

Annotations:
D exclusion: oklob sapling


Innate Abilities, Weirdness & Mutations

You have a pair of horns on your head.
You reflexively headbutt those who attack you in melee.


Message History

Unknown command.
You hit the oklob sapling wizard but do no damage.
The oklob sapling wizard is moderately damaged.
Unknown command.
You hit the oklob sapling wizard but do no damage.
The oklob sapling wizard is moderately damaged.
The oklob sapling wizard casts a spell at you.
The magic dart hits you!
* * * LOW HITPOINT WARNING * * *
Unknown command.
You hit the oklob sapling wizard but do no damage.
The oklob sapling wizard is moderately damaged.
Unknown command.
You hit the oklob sapling wizard but do no damage.
The oklob sapling wizard is moderately damaged.
Unknown command.
You hit the oklob sapling wizard but do no damage.
You headbutt the oklob sapling wizard, but do no damage.
The oklob sapling wizard is moderately damaged.
You flicker for a moment.
Unknown command.
You hit the oklob sapling wizard but do no damage.
You punch the oklob sapling wizard, but do no damage.
The oklob sapling wizard is moderately damaged.
Unknown command.
You hit the oklob sapling wizard but do no damage.
You headbutt the oklob sapling wizard!
The oklob sapling wizard is almost destroyed.
Unknown command.
You hit the oklob sapling wizard but do no damage.
You headbutt the oklob sapling wizard, but do no damage.
The oklob sapling wizard is almost destroyed.
Unknown command.
You strike the helpless oklob sapling wizard from behind!
You hit the oklob sapling wizard but do no damage.
You headbutt the oklob sapling wizard, but do no damage.
The oklob sapling wizard is almost destroyed.
The oklob sapling wizard spits acid at you.
The splash of acid hits you!!
You die...

###################
.#.⌠._._._._.⌠.#.!+
.'.._._._._._..'@P#
.#..._._._._...#..#
##.._._._._._..#.?#
.#._._._._._.⌠.####
.############### ##


You could see an oklob sapling wizard.

Vanquished Creatures
  A scorpion (D)
  3 oklob saplings (D)
  A river rat (D)
  A rat (D)
6 creatures vanquished.

Notes
Turn   | Place    | Note
-------+----------+-------------------------------------------
     0 | D        | Zeld the Minotaur Berserker began the quest for the Orb.
     0 | D        | Reached XP level 1. HP: 19/19 MP: 0/0
    14 | D        | Reached XP level 2. HP: 8/28 MP: 1/1
   351 | D        | Noticed an oklob sapling
   353 | D        | Killed an oklob sapling
   354 | D        | Reached skill level 5 in Fighting
   354 | D        | Reached skill level 5 in Axes
   354 | D        | Reached XP level 3. HP: 37/37 MP: 2/2
   397 | D        | Noticed a scorpion
   397 | D        | Found the amulet of invisibility {+Inv}
   400 | D        | Killed a scorpion
   400 | D        | Reached ** piety under Trog
   401 | D        | Reached XP level 4. HP: 36/47 MP: 3/3
   430 | D        | Reached skill level 5 in Armour
   463 | D        | Found an opulent altar of Gozag.
   463 | D        | Found a hazy altar of Hepliaklqana.
   463 | D        | Found a snail-covered altar of Cheibriados.
   473 | D        | Found a viscous altar of Jiyva.
   473 | D        | Found a burning altar of Makhleb.
   473 | D        | Found a sparkling altar of Nemelex Xobeh.
   473 | D        | Found a sacrificial altar of Ru.
   473 | D        | Found a shimmering blue altar of Sif Muna.
   473 | D        | Found a bloodstained altar of Trog.
   473 | D        | Found an ornate altar of the Wu Jian Council.
   473 | D        | Found a shimmering altar of Xom.
   473 | D        | Found a basalt altar of Yredelemnul.
   474 | D        | Found an iron altar of Okawaru.
   474 | D        | Found a shadowy altar of Dithmenos.
   474 | D        | Found a glowing silver altar of Zin.
   475 | D        | Found an ancient bone altar of Kikubaaqudgha.
   475 | D        | Found a hide-covered altar of Uskayaw.
   476 | D        | Found a stormy altar of Qazlal.
   476 | D        | Found a white marble altar of Elyvilon.
   476 | D        | Found a glowing golden altar of the Shining One.
   477 | D        | Found a corrupted altar of Lugonu.
   477 | D        | Found a radiant altar of Vehumet.
   491 | D        | HP: 2/47 [oklob sapling priest/splash of acid (18)]
   496 | D        | Reached skill level 5 in Dodging
   496 | D        | Reached XP level 5. HP: 3/53 MP: 2/4
  1210 | D        | Killed from afar by an oklob sapling wizard

Illustrated notes

Levels and vault maps discovered:
D:        dungeon_sprint_fedhas [sprint_temple]

Skill      XL: |  1  2  3  4 |
---------------+-------------+-----
Fighting       | 4 5 7 8 |  8.3
Axes           | 4 5 7 8 |  8.3
Armour         | 3 4 5 |  5.6
Dodging        | 3 4 5 |  5.1

Action                   |  1- 3 |  4- 6 || total
-------------------------+-------+-------++-------
Melee: Hand axe          |    10 |    26 ||    36
       Headbutt          |       |    15 ||    15
       Punch             |       |     1 ||     1
Invok: Berserk           |     2 |       ||     2
 Abil: Evoke Invisibilit |       |     3 ||     3
 Stab: Invisible         |       |     3 ||     3
       Sleeping          |       |     1 ||     1
Dodge: Dodged            |     3 |     3 ||     6
